AoeStats
← RedLeader

Arabia

510262049Analyzed
1v1 RM · 1d ago on Sep 30, 2026· 51m 59s· 2 players
Game mode
Random Map
Map size
Tiny (2 player)
Population
200
Speed
Normal
Resources
Standard
Victory
Conquest
Starting age
Dark Age
Ending age
Imperial Age
RankedLock teamsTeams togetherTeam positionsShared explorationLock speedFull tech treeHidden civsTurbo modeCheats
Victory
Defeat
🇺🇿 Malay · Uzbekistan
1416
+15
🇨🇭 Khmer · Switzerland
1403
-15
Pret1
6:57 Loom
9:17 Feudal Age
9:47 Double-Bit Axe
9:48 Horse Collar
18:15 Castle Age
16:22 Gold Mining
18:14 Bloodlines
18:31 Light Cavalry
19:22 Scale Barding Armor
20:18 Wheelbarrow
21:47 Forging
26:18 Gold Shaft Mining
25:43 Fletching
27:30 Sanctity
32:16 Imperial Age
31:34 Bodkin Arrow
32:17 Town Watch
32:47 Hand Cart
33:07 Bracer
36:07 Chain Barding Armor
36:08 Husbandry
40:25 Plate Barding Armor
46:27 Iron Casting
50:32 Blast Furnace
51:06 Hussar
RedLeader
7:28 Loom
9:56 Feudal Age
9:48 Double-Bit Axe
11:03 Horse Collar
16:37 Gold Mining
19:52 Castle Age
19:03 Scale Barding Armor
18:50 Fletching
19:05 Elite Skirmisher
19:48 Husbandry
20:35 Bow Saw
21:23 Wheelbarrow
21:12 Sanctity
23:28 Bodkin Arrow
24:59 Atonement
26:33 Ballistics
28:44 Redemption
29:51 Treadmill Crane
32:24 Herbal Medicine
35:53 Forging
37:38 Iron Casting
40:10 Imperial Age
40:03 Block Printing
40:14 Illumination
41:42 Blast Furnace
40:22 Light Cavalry
41:32 Conscription
42:28 Chemistry
41:25 Murder Holes
42:40 Bracer
42:09 Pikeman
42:50 Squires
42:38 Sappers
42:54 Elite Karambit Warrior
44:07 Town Watch
46:04 Herbal Medicine
46:12 Guard Tower
46:44 Heavy Plow
46:37 Stone Mining
48:21 Keep
47:56 Masonry
48:54 Stone Shaft Mining
50:48 Hand Cart
51:40 Town Patrol
Connection lost

Rejoining the realm…

Still unreachable

The connection could not be restored.

Session expired

The server has moved on; the page needs a fresh start.